 Dungeon Sprint DCSS version 0.30-a0-210-g01b79a254e (webtiles) character file.

Game seed: 10857794225817975174

320 rocky1 the Cleaver (level 6, -7/75 HPs)
             Began as an Ogre Gladiator on Oct 5, 2022.
             Was a Follower of Okawaru.
             Mangled by a black bear (9 damage)
             ... in the Dungeon (Sprint VII: "The Pits").
             The game lasted 00:02:05 (443 turns).

rocky1 the Cleaver (Ogre Gladiator)                  Turns: 443, Time: 00:02:05

Health: -7/75      AC:  3    Str: 21    XL:     6   Next: 46%
Magic:  6/6        EV: 11    Int:  9    God:    Okawaru [*.....]
Gold:   0          SH:  0    Dex: 10    Spells: 5/5 levels left

rFire   . . .      SeeInvis .    a - +0 war axe
rCold   . . .      Faith    .    (no shield)
rNeg    . . .      Spirit   .    b - +0 robe
rPois   .          Reflect  .    c - +0 hat
rElec   .          Harm     .    (no cloak)
rCorr   .          Rampage  .    (gloves unavailable)
Will    .....      NoTele   +    (boots unavailable)
Stlth   +.........               (no amulet)
HPRegen 0.32/turn                (no ring)
MPRegen 0.10/turn                (no ring)

@: on berserk cooldown, slowed, very slow
A: large, unfitting armour, tough skin 1
a: Renounce Religion, Heroism


You were in the Dungeon.
You worshipped Okawaru.
Okawaru was aware of your devotion.
You visited 1 branch

Inventory:

Hand Weapons
 a - a +0 war axe (weapon)
Missiles
 d - 3 throwing nets (quivered)
 e - a large rock
Armour
 b - a +0 robe (worn)
 c - a +0 hat (worn)
Scrolls
 k - a scroll of blinking
 m - 5 scrolls of amnesia
Potions
 f - 6 potions of curing
 g - 3 potions of heal wounds
 h - a potion of haste
 i - 4 potions of magic
 j - 2 potions of berserk rage
 l - a potion of invisibility


   Skills:
 + Level 9.0 Fighting
 * Level 9.9 Axes
 - Level 2.0 Throwing
 + Level 6.6 Dodging


You had 5 spell levels left.
You didn't know any spells.
Your spell library was empty.

Dungeon Overview and Level Annotations

Branches:
Dungeon (1/1)

Altars:
Ashenzari
Cheibriados
Dithmenos
Elyvilon
Fedhas
Gozag
Hepliaklqana
Kikubaaqudgha
Makhleb
Nemelex Xobeh
Okawaru
Qazlal
Ru
Sif Muna
Trog
Uskayaw
Vehumet
Wu Jian
Xom
Yredelemnul
Zin
The Shining One
Jiyva
Lugonu


Innate Abilities, Weirdness & Mutations

You are too large for most types of armour.
You have tough skin. (AC +1)


Message History

The black bear is heavily wounded.
The black bear bites you. The black bear closely misses you.
The black bear claws you.
You slash the black bear!
The black bear is severely wounded.
The black bear goes berserk!
The black bear bites you!
* * * LOW HITPOINT WARNING * * *
The black bear completely misses you. The black bear misses you.
You hit the black bear.
The black bear is severely wounded.
The black bear closely misses you. The black bear claws you.
* * * LOW HITPOINT WARNING * * *
The black bear barely misses you. The black bear bites you!
* * * LOW HITPOINT WARNING * * *
The black bear claws you but does no damage.
The black bear claws you.
* * * LOW HITPOINT WARNING * * *
You feel much better. The black bear completely misses you.
The black bear claws you. x2
* * * LOW HITPOINT WARNING * * *
The black bear bites you.
* * * LOW HITPOINT WARNING * * *
The black bear claws you.
* * * LOW HITPOINT WARNING * * *
The black bear completely misses you.
You feel much better. The black bear bites you. The black bear claws you.
* * * LOW HITPOINT WARNING * * *
The black bear claws you.
* * * LOW HITPOINT WARNING * * *
The black bear bites you!
* * * LOW HITPOINT WARNING * * *
The black bear claws you.
* * * LOW HITPOINT WARNING * * *
The black bear claws you.
* * * LOW HITPOINT WARNING * * *
Unknown command.
You barely miss the black bear.
The black bear is severely wounded.
The black bear bites you!
You die...

#'#####'#####.....
#.#..#.)#÷.##.....
#.#..'..'÷.#####'#
#.##'####+###.....
#.#.)†.....##.....
#†#........##.....
#)#####'#####...<.
#)#...)))[.##.....
#@#...)))[.##.....
#h###########.....
#......b# ######
#..#.#..# #.## #
#.. #.# #.. #..


You could see a black bear (berserk).

Vanquished Creatures
  An ice beast (D)
  A gnoll sergeant (D)
  A bullfrog (D)
  A quasit (D)
  A jelly (D)
  3 gnolls (D)
  2 ball pythons (D)
  A goblin (D)
  4 jackals (D)
  A quokka (D)
  A frilled lizard (D)
  2 kobolds (D)
19 creatures vanquished.

Notes
Turn   | Place    | Note
-------+----------+-------------------------------------------
     0 | D        | rocky1 the Ogre Gladiator began the quest for the Orb.
     0 | D        | Reached XP level 1. HP: 22/22 MP: 1/1
    25 | D        | Found a bloodstained altar of Trog.
    25 | D        | Found a shimmering blue altar of Sif Muna.
    25 | D        | Found a viscous altar of Jiyva.
    25 | D        | Found a hazy altar of Hepliaklqana.
    25 | D        | Found an opulent altar of Gozag.
    26 | D        | Found a glowing golden altar of the Shining One.
    26 | D        | Found a glowing silver altar of Zin.
    26 | D        | Found a basalt altar of Yredelemnul.
    26 | D        | Found a shimmering altar of Xom.
    26 | D        | Found an ornate altar of the Wu Jian Council.
    26 | D        | Found a sacrificial altar of Ru.
    26 | D        | Found a stormy altar of Qazlal.
    26 | D        | Found an iron altar of Okawaru.
    26 | D        | Found a sparkling altar of Nemelex Xobeh.
    26 | D        | Found a burning altar of Makhleb.
    26 | D        | Found a blossoming altar of Fedhas.
    26 | D        | Found a white marble altar of Elyvilon.
    26 | D        | Found a shadowy altar of Dithmenos.
    26 | D        | Found a snail-covered altar of Cheibriados.
    28 | D        | Found a radiant altar of Vehumet.
    28 | D        | Found a corrupted altar of Lugonu.
    30 | D        | Found an ancient bone altar of Kikubaaqudgha.
    30 | D        | Found a hide-covered altar of Uskayaw.
    30 | D        | Found a broken altar of Ashenzari.
    36 | D        | Became a worshipper of Warmaster Okawaru
    99 | D        | Reached XP level 2. HP: 28/31 MP: 2/2
   209 | D        | Reached skill level 5 in Fighting
   209 | D        | Reached skill level 5 in Axes
   209 | D        | Reached XP level 3. HP: 8/42 MP: 3/3
   388 | D        | Noticed a bullfrog
   388 | D        | Noticed a gnoll sergeant
   389 | D        | Noticed a fire bat
   391 | D        | Noticed an ice beast
   403 | D        | Noticed a black bear
   405 | D        | Killed a bullfrog
   406 | D        | Reached XP level 4. HP: 36/53 MP: 4/4
   407 | D        | Reached skill level 5 in Dodging
   407 | D        | Reached XP level 5. HP: 42/62 MP: 5/5
   412 | D        | Reached * piety under Okawaru
   428 | D        | Reached XP level 6. HP: 29/72 MP: 6/6
   431 | D        | Killed an ice beast
   442 | D        | HP: 2/75 [black bear (4)]
   443 | D        | Mangled by a black bear

Illustrated notes

Levels and vault maps discovered:
D:        pitsprint [storerooms_1, entrance_room_1, metal_vault_6, armoury_3,
          mini_pit_1, grid_room_1, main_hall_1, silver_pit, the_coven_2,
          the_vestibule_1, steel_vault_3, golden_pit, hallway_of_sentries,
          crystal_vault_2, iron_vault_4, final_vault]

Skill      XL: |  1  2  3  4  5  6 |
---------------+-------------------+-----
Fighting       | 3 5 6 7 8 9 |  9.0
Dodging        | 3 4 5 6 |  6.6
Axes           | 4 5 7 9 |  9.9
Throwing       | |  2.0

Action                   |  1- 3 |  4- 6 || total
-------------------------+-------+-------++-------
Melee: War axe           |    44 |    30 ||    74
       Punch             |     1 |       ||     1
  Use: Potion            |     1 |     4 ||     5
 Stab: Sleeping          |     1 |       ||     1
       Invisible         |       |     3 ||     3
Armor: Robe              |    15 |    10 ||    25
Dodge: Dodged            |    41 |    29 ||    70

Table legend: (Time is in decaauts)
 A = Elapsed time spent in this place.
 B = Non-inter-level travel time spent in this place.
 C = Inter-level travel time spent in this place.
 D = Time resting spent in this place.
 E = Time spent auto-exploring this place.
 F = Levels seen in this place.
 G = Mean time per level.
                   A        B        C        D        E       F      G
               +--------+--------+--------+--------+--------+-----+--------+
         Total |    460 |    436 |     24 |    233 |      0 |   1 |  460.0 |
       Dungeon |    460 |    436 |     24 |    233 |      0 |   1 |  460.0 |
               +--------+--------+--------+--------+--------+-----+--------+

Top non-repeatable levels by time:
       D: 460 daAuts
